 Dungeon Crawl Stone Soup version 0.28-a0-983-g1de4e0787c (webtiles) character file.

Game seed: 6034049988944326940

109 tatocazan the Skirmisher (level 4, 0/37 HPs)
             Began as a Demonspawn Fighter on Dec 3, 2021.
             Slain by Ijyb (3 damage)
             ... on level 3 of the Dungeon.
             The game lasted 00:01:56 (2153 turns).

tatocazan the Skirmisher (Demonspawn Fighter)       Turns: 2153, Time: 00:01:57

Health: 0/37       AC:  8    Str: 19    XL:     4   Next: 59%
Magic:  4/4        EV:  9    Int:  9    God:
Gold:   135        SH:  4    Dex: 12    Spells: 3/3 levels left

rFire   . . .      SeeInvis .   j - +1 hand axe (freeze)
rCold   . . .      Faith    .   c - +0 buckler
rNeg    . . .      Spirit   .   b - +0 scale mail
rPois   .          Reflect  .   (helmet restricted)
rElec   .          Harm     .   (no cloak)
rCorr   .          Rampage  .   (no gloves)
Will    .....                   (no boots)
Stlth   ..........              (no amulet)
HPRegen 0.12/turn               (no ring)
MPRegen 0.09/turn               (no ring)

@: no status effects
A: antennae 1, slimy green scales 1
a: no special abilities


You were on level 3 of the Dungeon.
You visited 1 branch of the dungeon, and saw 3 of its levels.

You collected 135 gold pieces.

Inventory:

Hand Weapons
 a - a +0 war axe
 f - a +0 dagger of venom
 j - a +1 hand axe of freezing (weapon)
Armour
 b - a +0 scale mail (worn)
 c - a +0 buckler (worn)
Scrolls
 g - a scroll of identify {unknown}
 h - a scroll of silence {unknown}
Potions
 d - a potion of might
 e - a potion of lignification {unknown}
 i - a potion of degeneration {unknown}
 k - a potion of curing {unknown}
 l - a potion of resistance {unknown}


   Skills:
 + Level 3.7 Fighting
 + Level 2.6 Axes
 + Level 3.4 Armour
 + Level 3.3 Shields


You had 3 spell levels left.
You didn't know any spells.
Your spell library was empty.

Dungeon Overview and Level Annotations

Branches:
Dungeon (3/15)

Altars:

Annotations:
D:3 Ijyb


Innate Abilities, Weirdness & Mutations

You have a pair of small antennae on your head.
You are partially covered in slimy green scales. (AC +2)


Message History

Ijyb is heavily wounded.
Ijyb hits you but does no damage.
You hit Ijyb but do no damage.
Ijyb is heavily wounded.
Ijyb hits you with a +2 club. Ijyb hits you but does no damage.
You take 1 damage, and have 32/37 hp.
You hit Ijyb. You freeze Ijyb.
Ijyb is heavily wounded.
Ijyb hits you with a +2 club.
You take 3 damage, and have 29/37 hp.
You hit Ijyb. You freeze Ijyb.
Ijyb is almost dead.
Ijyb hits you with a +2 club.
You take 1 damage, and have 28/37 hp.
You hit Ijyb but do no damage.
Ijyb is almost dead.
Ijyb zaps a wand.
Your mind is blasted!
Ouch! That really hurt!
* * * LOW HITPOINT WARNING * * *
You are too injured to fight recklessly!
You are too injured to fight recklessly!
You are too injured to fight recklessly!
You take 21 damage, and have 7/37 hp.
MASSIVE DAMAGE!!
You are too injured to fight recklessly!
You are too injured to fight recklessly!
You are too injured to fight recklessly!
You are too injured to fight recklessly!
You are too injured to fight recklessly!
You are too injured to fight recklessly!
You are too injured to fight recklessly!
You are too injured to fight recklessly!
You hit Ijyb but do no damage.
Ijyb is almost dead.
Ijyb hits you with a +2 club.
* * * LOW HITPOINT WARNING * * *
You take 4 damage, and have 3/37 hp.
You hit Ijyb. You freeze Ijyb.
Ijyb is almost dead.
Ijyb hits you with a +2 club.
You die...

#.# #######.### ##
........... ..
#.#.###.## #. #.#.#
#.# #. #.#.# #.# ##.#
..#.###.# #)..##
........#####.#g#.##
#.#......#......@..#
..######.#.##.#.#..#
..######.#.# #...#.#
.#.....#.#.####.##.#
..####.#....###....##
.......#..#.........#
######.#....#####...#
#.#.#.## #.[.#
######.#.#.# #...#


You could see Ijyb.

Vanquished Creatures
  A hound (D:3)
  A gnoll (D:1)
  2 adders (D:2)
  3 worms
  A dart slug (D:2)
  An orc (D:3)
  2 endoplasms
  7 goblins
  3 hobgoblins
  3 quokkas
  3 ball pythons
  6 bats
  4 frilled lizards
  A kobold (D:2)
  4 rats
42 creatures vanquished.

Notes
Turn   | Place    | Note
-------+----------+-------------------------------------------
     0 | D:1      | tatocazan the Demonspawn Fighter began the quest for the
                  | Orb.
     0 | D:1      | Reached XP level 1. HP: 18/18 MP: 1/1
   378 | D:1      | Gained mutation: You are partially covered in slimy green
                  | scales. (AC +2) [demonic ancestry]
   378 | D:1      | Reached XP level 2. HP: 22/24 MP: 2/2
   993 | D:2      | Reached XP level 3. HP: 24/29 MP: 3/3
  1742 | D:3      | Gained mutation: You have a pair of small antennae on your
                  | head. [demonic ancestry]
  1742 | D:3      | Reached XP level 4. HP: 35/35 MP: 4/4
  2140 | D:3      | Noticed Ijyb
  2153 | D:3      | Slain by Ijyb

Illustrated notes

Levels and vault maps discovered:
D:1:      kilobyte_arrival_exit_the_forest, layout_loops_ring, minmay_tall_x
D:2:      layout_loops_ring
D:3:      minmay_roachtagon, layout_loops_ring,
          mainiacjoe_overflow_catwalk_spiral, portal_sewer_entry_f, uniq_ijyb

Skill      XL: |  1  2 |
---------------+-------+-----
Axes           | 2 |  2.6
Shields        | 3 |  3.3
Armour         | 3 |  3.4
Fighting       | |  3.7

Action                   |  1- 3 |  4- 6 || total
-------------------------+-------+-------++-------
Melee: War axe           |   115 |       ||   115
       Hand axe          |     3 |    41 ||    44
  Use: Scroll            |     1 |       ||     1
Armor: Scale mail        |    57 |    14 ||    71
Dodge: Dodged            |    64 |    14 ||    78
Block: Buckler           |    25 |     9 ||    34

Table legend: (Time is in decaauts)
 A = Elapsed time spent in this place.
 B = Non-inter-level travel time spent in this place.
 C = Inter-level travel time spent in this place.
 D = Time resting spent in this place.
 E = Time spent auto-exploring this place.
 F = Levels seen in this place.
 G = Mean time per level.
                   A        B        C        D        E       F      G
               +--------+--------+--------+--------+--------+-----+--------+
         Total |   2213 |   2129 |     84 |      0 |   1751 |   3 |  737.7 |
       Dungeon |   2213 |   2129 |     84 |      0 |   1751 |   3 |  737.7 |
               +--------+--------+--------+--------+--------+-----+--------+

Top non-repeatable levels by time:
     D:1: 1005 daAuts
     D:2: 785 daAuts
     D:3: 423 daAuts
